 Dungeon Crawl Stone Soup version 0.30-a0-972-gf3ab3527aa (webtiles) character file.

Game seed: 10547831709238567584

311036 mopl the Impaler (level 21, -11/166 HPs)
             Began as a Gnoll Ice Elementalist on Mar 31, 2023.
             Was the Champion of Vehumet.
             Shot with a bolt by a yaktaur captain (35 damage)
             ... on level 2 of the Vaults.
             The game lasted 01:43:39 (38048 turns).

mopl the Impaler (Gnoll Ice Elementalist)          Turns: 38048, Time: 01:43:40

Health: -11/166    AC: 18    Str: 18    XL:     21   Next: 27%
Magic:  37/40      EV: 19    Int: 36    God:    Vehumet [******]
Gold:   3564       SH:  0    Dex: 14    Spells: 17/50 levels left

rFire   + . .      SeeInvis +    a - +10 halberd "Teschok" {speed, Will+ Int+3}
rCold   + + .      Faith    .    (shield currently unavailable)
rNeg    + . .      Spirit   .    J - +0 acid dragon scales
rPois   +          Reflect  .    D - +2 helmet {SInv}
rElec   .          Rampage  .    i - scarf {rC+ rF+}
rCorr   +                        M - +2 pair of gloves {hurl}
Will    +++..                    Q - +0 pair of boots of Ulyoneng {rC+ Str+4 Int+3}
Stlth   ++++++                   O - amulet of regeneration
HPRegen 1.27/turn                g - ring of Knowledge {*Corrode rPois rN+ Int+6 SInv}
MPRegen 0.27/turn                Z - ring "Sootod" {Will+ Str+6}

@: studying Polearms
A: fangs 1, strong nose, distributed training
}: 2/15 runes: decaying, gossamer
a: Renounce Religion


You were on level 2 of the Vaults.
You worshipped Vehumet.
Vehumet was exalted by your worship.
You visited 7 branches of the dungeon, and saw 33 of its levels.
You also visited: Bailey and Gauntlet.

You collected 4244 gold pieces.
You spent 680 gold pieces at shops.

Inventory:

Hand Weapons
 a - the +10 halberd "Teschok" (weapon) {speed, Will+ Int+3}
   (You found it on level 7 of the Dungeon)

   Int:       It affects your intelligence (+3).
   Will:      It increases your willpower.
Missiles
 n - 11 atropa-tipped darts
 z - 9 curare-tipped darts
 P - 23 boomerangs
 X - 2 throwing nets
 Y - 5 javelins
Armour
 i - a scarf of resistance (worn)
 D - a +2 helmet of see invisible (worn)
 J - +0 acid dragon scales (worn)
 M - a +2 pair of gloves of hurling (worn)
 Q - the +0 pair of boots of Ulyoneng (worn) {rC+ Str+4 Int+3}
   (You found it on level 4 of the Spider Nest)

   Str:       It affects your strength (+4).
   Int:       It affects your intelligence (+3).
   rC:        It protects you from cold.
Magical Staves
 u - a staff of cold
Jewellery
 g - the ring of Knowledge (left hand) {*Corrode rPois rN+ Int+6 SInv}
   (You found it in a Gauntlet)

   [ring of positive energy]

   Int:       It affects your intelligence (+6).
   rPois:     It protects you from poison.
   rN:        It protects you from negative energy.
   SInv:      It lets you see invisible.
   *Corrode:  It may corrode you when you take damage.
 O - an amulet of regeneration (around neck)
 R - the ring of Xom's Entertainment {Fly rN+}
   (You found it in a Gauntlet)

   [ring of flight]

   rN:        It protects you from negative energy.
   Fly:       It grants you flight.
 Z - the ring "Sootod" (right hand) {Will+ Str+6}
   (You found it on level 10 of the Dungeon)

   [ring of strength]

   Str:       It affects your strength (+6).
   Will:      It increases your willpower.
Wands
 d - a wand of digging (11)
 e - a wand of quicksilver (5)
 A - a wand of roots (23)
 F - a wand of mindburst (5)
 H - a wand of charming (23)
 V - a wand of flame (51)
Scrolls
 f - 10 scrolls of magic mapping
 j - 15 scrolls of teleportation
 l - 7 scrolls of poison
 m - 8 scrolls of immolation
 o - a scroll of torment {!r}
 r - a scroll of fog
 t - 3 scrolls of fear
 x - 2 scrolls of silence {!r}
 y - 7 scrolls of blinking
 T - 4 scrolls of summoning
 U - 2 scrolls of vulnerability
Potions
 b - 4 potions of magic
 c - 6 potions of lignification {!q}
 h - 3 potions of cancellation
 k - 2 potions of mutation {!q}
 p - 4 potions of might
 q - a potion of berserk rage {!q}
 s - 10 potions of flight
 v - 17 potions of curing
 w - 11 potions of invisibility
 C - 11 potions of ambrosia
 E - 4 potions of haste
 G - 2 potions of resistance
 L - 8 potions of heal wounds
 S - 4 potions of brilliance
Miscellaneous
 B - a lightning rod (4/4)
 I - a box of beasts
 K - a phial of floods
 N - a phantom mirror
 W - a tin of tremorstones (2/2)


   Skills:
 + Level 14.4 Fighting
 + Level 14.4 Short Blades
 + Level 14.4 Long Blades
 + Level 14.4 Axes
 + Level 14.4 Maces & Flails
 + Level 18.5 Polearms
 + Level 14.4 Staves
 + Level 14.4 Ranged Weapons
 + Level 14.4 Throwing
 + Level 14.4 Armour
 + Level 15.1 Dodging
 + Level 15.0 Stealth
 + Level 14.4 Shields
 + Level 14.4 Unarmed Combat
 + Level 15.2 Spellcasting
 + Level 12.3 Conjurations
 + Level 12.3 Hexes
 + Level 12.3 Summonings
 + Level 12.3 Necromancy
 + Level 12.3 Translocations
 + Level 12.3 Transmutations
 + Level 12.3 Fire Magic
 + Level 14.0 Ice Magic
 + Level 12.3 Air Magic
 + Level 12.3 Earth Magic
 + Level 12.3 Poison Magic
 + Level 15.7 Invocations
 + Level 14.4 Evocations


You had 17 spell levels left.
You knew the following spells:

 Your Spells              Type           Power      Damage    Failure   Level
b - Frozen Ramparts       Ice            100%       1d16      0%          3
c - Freezing Cloud        Conj/Ice/Air   44%        6-21      1%          5
d - Arcjolt               Conj/Air       43%        1d53      1%          5
i - Irradiate             Conj/Tmut      43%        3d26      1%          5
o - Ozocubu's Refrigerat  Ice            45%        4d17      1%          7
s - Ozocubu's Armour      Ice            91%        N/A       0%          3
y - Yara's Violent Unrav  Hex/Tmut       43%        3d17      1%          5

Your spell library contained the following spells:

 Spells                   Type           Power      Damage    Failure   Level
 Polar Vortex             Ice            45%        N/A       75%         9
 Fire Storm               Conj/Fire      43%        8d11      92%         9
 Shatter                  Erth           43%        3d33*     92%         9
 Apportation              Tloc           100%       N/A       0%          1
 Beastly Appendage        Tmut           100%       N/A       0%          1
 Freeze                   Ice            100%       1d10      0%          1
 Scorch                   Fire           100%       2d10      0%          2
 Wereblood                Tmut           86%        N/A       0%          2
 Gell's Gravitas          Tloc           86%        N/A       1%          3
 Ignite Poison            Fire/Tmut/Pois 86%        N/A       1%          3
 Spider Form              Tmut/Pois      86%        N/A       1%          3
 Stone Arrow              Conj/Erth      100%       3d13      1%          3
 Teleport Other           Tloc           86%        N/A       1%          3
 Tukima's Dance           Hex            86%        N/A       1%          3
 Airstrike                Air            43%        2d(7-23)  1%          4
 Animate Armour           Summ/Erth      100%       N/A       1%          4
 Flame Wave               Conj/Fire      86%        2d18      1%          4
 Ice Form                 Ice/Tmut       89%        N/A       1%          4
 Passage of Golubria      Tloc           86%        N/A       1%          4
 Sticky Flame             Conj/Fire      86%        2d10      1%          4
 Summon Ice Beast         Ice/Summ       89%        N/A       1%          4
 Summon Lightning Spire   Summ/Air       86%        N/A       1%          4
 Alistair's Intoxication  Tmut/Pois      57%        N/A       1%          5
 Plasma Beam              Fire/Air       43%        2x1d41    1%          5
 Dispersal                Tloc           43%        N/A       1%          6
 Summon Cactus Giant      Summ           43%        N/A       1%          6
 Ignition                 Fire           43%        3d12      17%         8
 Lehudib's Crystal Spear  Conj/Erth      43%        10d10     17%         8


Dungeon Overview and Level Annotations

Branches:
Dungeon (15/15)            Temple (1/1) D:4            Lair (5/5) D:11
  Swamp (4/4) Lair:3       Spider (4/4) Lair:3        Slime (0/5) Lair:5
    Orc (2/2) D:9             Elf (0/3) Orc:2        Vaults (2/5) D:13
 Depths (0/4) D:15         Bailey (visited)         Gauntlet (visited)
  Crypt: Vaults:2-3

Altars:
Ashenzari
Cheibriados
Dithmenos
Elyvilon
Fedhas
Gozag
Hepliaklqana
Kikubaaqudgha
Makhleb
Nemelex Xobeh
Okawaru
Qazlal
Ru
Sif Muna
Trog
Uskayaw
Vehumet
Wu Jian
Xom
Yredelemnul
Zin
The Shining One
Jiyva

Shops:
D:9 :   Orc:2 =(*?

Portals:
Pandemonium: Orc:2
Trove: D:13 (give 14 potions of heal wounds)

Annotations:
Swamp:1 2 runed translucent doors, MrClown's ghost, journeyman DsNe


Innate Abilities, Weirdness & Mutations

You have very sharp teeth.
Your uncanny sense of smell can sniff out nearby items.
Your experience applies equally to all skills.


Message History

The ironbound thunderhulk completely misses you.
The yaktaur wields a +0 arbalest.
The yaktaur shoots a bolt.
The bolt misses you.
You slice the ironbound thunderhulk!!
The ironbound thunderhulk is severely wounded.
The heat is drained from your surroundings.
The yaktaur is almost dead.
The ironbound thunderhulk is almost dead.
The yaktaur shoots a bolt.
The bolt hits you!
Strange energies crackle from the ironbound thunderhulk's apparatus.
The ironbound thunderhulk blinks!
Unknown command.
The heat is drained from your surroundings.
You kill the yaktaur!
Vehumet accepts your kill.
You kill the ironbound thunderhulk!
Vehumet accepts your kill.
You feel your power returning.
A yaktaur captain comes into view.
Unknown command.
Unknown command.
A yaktaur captain is nearby!
A yaktaur comes into view.
The yaktaur captain wields a +0 arbalest.
The yaktaur captain shoots a bolt.
The bolt hits you!!
A yaktaur comes into view.
The yaktaur captain shoots a bolt.
The bolt misses you.
The yaktaur moves out of view.
The yaktaur captain shoots a bolt.
The bolt hits you!
The yaktaur wields a +0 arbalest.
The yaktaur shoots a bolt.
The bolt hits you!
The yaktaur captain shoots a bolt.
The bolt hits you!!
The yaktaur wields a +0 arbalest.
The yaktaur shoots a bolt.
The bolt hits you!
The yaktaur shoots a bolt.
The bolt closely misses you.
The yaktaur captain shoots a bolt.
The bolt hits you!!!
* * * LOW HITPOINT WARNING * * *
You feel much better.
The yaktaur shoots a bolt.
The bolt barely misses you.
The yaktaur shoots a bolt.
The bolt hits you!
* * * LOW HITPOINT WARNING * * *
The yaktaur captain shoots a bolt.
The bolt hits you!!
You die...

.##...............######'######
#
..#.............................
..#............................(
###.............................
#.......##########.......[....
#.......#........##############
#.†.....'........# . #...#.
#.......#.......c#.... #...#.
#.......#.....@.c'....#+###'##.
#.......#......)c######........
#.......#........# +.........
#.......########## #.†..##'##
#........ .......#####.#'##....
#..#+######......#...†.#..#....
#......#..†#.#..#.... ∆
#......###'########'#
#....................


You could see a yaktaur captain and 2 yaktaurs.

Vanquished Creatures
  the Lernaean hydra (Swamp:4)
  2 tentacled monstrosities
  2 sphinxes
  An ancient champion (Vaults:2)
  Agnes (D:14)
  Donald (Orc:2)
  Kirke (D:14)
  2 fenstrider witches (Swamp:3)
  3 thorn hunters (Swamp:4)
  5 vault wardens
  2 emperor scorpions (Spider:4)
  3 ghost moths
  Aizul (Swamp:2)
  10 ironbound preservers
  7 broodmothers
  2 ironbound thunderhulks
  4 very ugly things (Vaults:1)
  A stone giant (Vaults:2)
  2 eleionomae (Swamp:3)
  Nessos (D:14)
  10 dire elephants
  5 bunyips
  A minotaur (Gauntlet)
  11 spark wasps
  10 entropy weavers
  A great orb of eyes (Vaults:2)
  5 yaktaur captains
  2 ghost crabs
  2 catoblepae
  2 ogre magi (D:15)
  5 jorogumos
  3 demonspawn (Orc:2)
  Erica (Orc:1)
  17 hydras
  5 boulder beetles
  7 centaur warriors
  7 ironbound frosthearts
  8 radroaches
  2 dancing weapons (D:13)
  4 alligators
  3 two-headed ogres
  A vampire mage (D:15)
  A death scarab (Spider:4)
  12 death yaks
  A sun demon (D:10)
  A tengu warrior (D:13)
  A deep troll shaman (Lair:5)
  7 orc high priests (Orc:2)
  A soul eater (Orc:2)
  A deep elf knight (Spider:1)
  A storm dragon zombie (D:15)
  Nergalle (Lair:3)
  Sonja (Lair:5)
  5 pharaoh ants
  A sixfirhy (Orc:2)
  6 goliath frogs (Swamp:1)
  2 skeletal warriors (D:15)
  7 orb spiders
  A sun moth (Spider:3)
  2 spriggan druids
  39 deep trolls
  A death drake (Swamp:2)
  9 swamp dragons
  A deep elf archer (Spider:1)
  6 lindwurms
  6 bog bodies
  2 wizards
  5 ironbound convokers
  A harpy (shapeshifter) (D:14)
  3 necromancers
  10 harpies (Vaults:2)
  7 orc knights
  A manticore (D:12)
  7 orc sorcerers
  20 ugly things
  32 wolf spiders
  4 deep elf pyromancers
  5 cyclopes
  2 will-o-the-wisps (Swamp:1)
  A fire giant zombie (D:15)
  9 steelbarb worms
  4 moths of wrath
  A frost giant skeleton (D:15)
  A smoke demon (Orc:2)
  Maurice (Orc:1)
  4 black mambas
  20 elephants (Lair:5)
  A rust devil (Orc:2)
  4 vault sentinels (Vaults:1)
  14 demonic crawlers
  7 torpor snails
  2 gargoyles
  4 rime drakes
  14 cane toads
  2 efreet (D:13)
  8 komodo dragons
  24 yaktaurs
  A kobold demonologist (D:10)
  2 tengu conjurers (D:13)
  13 meliai
  6 trolls
  3 polar bears (Lair:5)
  11 hornets
  A blink frog (shapeshifter) (D:15)
  9 tyrant leeches
  34 tarantellas
  9 blink frogs
  17 jumping spiders
  Sigmund (D:2)
  5 slime creatures (D:13)
  12 spriggans
  15 flying skulls (Gauntlet)
  7 shadows
  32 culicivoras
  49 yaks
  An ettin skeleton (Vaults:1)
  2 wraiths
  A yak (shapeshifter) (D:15)
  2 wyverns
  Grum (D:8)
  3 basilisks
  A golden eye (shapeshifter) (D:15)
  4 hogs (D:14)
  A steam dragon (D:10)
  A chaos spawn (Orc:2)
  14 vampire mosquitoes
  14 swamp worms
  70 redbacks
  6 wargs
  3 acid dragons
  2 human zombies
  Duvessa (D:5)
  A hell hound (Spider:1)
  21 water moccasins
  8 swamp drakes
  5 black bears
  A sky beast (D:8)
  33 orc warriors
  2 ice beasts
  A hornet zombie (Vaults:1)
  5 ogres
  19 wolves
  3 elephant zombies (Lair:3)
  5 boggarts (Vaults:1)
  3 centaurs
  2 kobold brigands
  12 bullfrogs
  2 gnoll sergeants
  40 scorpions
  5 wights (D:10)
  A hornet simulacrum (D:15)
  Dowan (D:5)
  10 killer bees (D:10)
  A human simulacrum (Vaults:1)
  5 howler monkeys
  A vampire bat (Lair:3)
  8 electric eels
  2 quasits (D:10)
  3 hounds
  2 jellies
  A gnoll bouda (Orc:2)
  32 orc priests
  Crazy Yiuf (D:2)
  5 iguanas
  3 sleepcaps
  A basilisk zombie (Lair:3)
  15 orc wizards
  15 gnolls
  10 adders
  A shadow imp (D:6)
  An ufetubus (D:4)
  3 worms
  A dart slug (D:1)
  71 orcs
  7 ball pythons
  3 endoplasms
  3 giant cockroaches
  10 goblins
  7 hobgoblins
  A jackal (D:5)
  4 quokkas
  15 bats
  6 frilled lizards
  12 kobolds
  7 rats
  14 briar patches (Swamp:4)
1303 creatures vanquished.

Vanquished Creatures (others)
  2 bloated husks
  20 demonic plants (Gauntlet)
  2 foxfires (Swamp:1)
  11 fungi
  10 plants
  11 withered plants
56 creatures vanquished.

Grand Total: 1359 creatures vanquished

Notes
Turn   | Place    | Note
-------+----------+-------------------------------------------
     0 | D:1      | mopl the Gnoll Ice Elementalist began the quest for the
                  | Orb.
     0 | D:1      | Reached XP level 1. HP: 13/13 MP: 6/6
    58 | D:1      | Reached XP level 2. HP: 17/19 MP: 3/7
   360 | D:1      | Reached skill level 5 in Spellcasting
   360 | D:1      | Reached XP level 3. HP: 23/25 MP: 6/9
   546 | D:1      | Reached skill level 1 in Invocations
   638 | D:2      | Found a shimmering blue altar of Sif Muna.
   638 | D:2      | Noticed Sigmund
   647 | D:2      | Killed Sigmund
   648 | D:2      | Reached skill level 1 in Fighting
   648 | D:2      | Reached skill level 1 in Short Blades
   648 | D:2      | Reached skill level 1 in Long Blades
   648 | D:2      | Reached skill level 1 in Axes
   648 | D:2      | Reached skill level 1 in Maces & Flails
   648 | D:2      | Reached skill level 1 in Polearms
   648 | D:2      | Reached skill level 1 in Staves
   648 | D:2      | Reached skill level 1 in Ranged Weapons
   648 | D:2      | Reached skill level 1 in Throwing
   648 | D:2      | Reached skill level 1 in Armour
   648 | D:2      | Reached skill level 1 in Shields
   648 | D:2      | Reached skill level 1 in Unarmed Combat
   648 | D:2      | Reached skill level 1 in Conjurations
   648 | D:2      | Reached skill level 1 in Hexes
   648 | D:2      | Reached skill level 1 in Summonings
   648 | D:2      | Reached skill level 1 in Necromancy
   648 | D:2      | Reached skill level 1 in Translocations
   648 | D:2      | Reached skill level 1 in Transmutations
   648 | D:2      | Reached skill level 1 in Fire Magic
   648 | D:2      | Reached skill level 1 in Air Magic
   648 | D:2      | Reached skill level 1 in Earth Magic
   648 | D:2      | Reached skill level 1 in Poison Magic
   648 | D:2      | Reached skill level 1 in Evocations
   648 | D:2      | Reached XP level 4. HP: 24/33 MP: 4/11
   648 | D:2      | Reached XP level 5. HP: 27/38 MP: 4/12
   799 | D:2      | Found a runed translucent door.
   800 | D:2      | Noticed Crazy Yiuf
   875 | D:2      | Reached skill level 2 in Invocations
   896 | D:2      | Reached XP level 6. HP: 39/44 MP: 8/13
  1010 | D:2      | Reached skill level 5 in Dodging
  1097 | D:2      | Learned a level 3 spell: Frozen Ramparts
  1126 | D:2      | Reached skill level 2 in Fighting
  1126 | D:2      | Reached skill level 2 in Short Blades
  1126 | D:2      | Reached skill level 2 in Long Blades
  1126 | D:2      | Reached skill level 2 in Axes
  1126 | D:2      | Reached skill level 2 in Maces & Flails
  1126 | D:2      | Reached skill level 2 in Polearms
  1126 | D:2      | Reached skill level 2 in Staves
  1126 | D:2      | Reached skill level 2 in Ranged Weapons
  1126 | D:2      | Reached skill level 2 in Throwing
  1126 | D:2      | Reached skill level 2 in Armour
  1126 | D:2      | Reached skill level 2 in Shields
  1126 | D:2      | Reached skill level 2 in Unarmed Combat
  1126 | D:2      | Reached skill level 2 in Evocations
  1448 | D:3      | Found an ancient bone altar of Kikubaaqudgha.
  1551 | D:3      | Noticed an ice beast
  2237 | D:4      | Found an iron altar of Okawaru.
  2372 | D:4      | Found a bloodstained altar of Trog.
  2690 | D:4      | Found a staircase to the Ecumenical Temple.
  2699 | Temple   | Entered the Ecumenical Temple
  2885 | D:5      | Entered Level 5 of the Dungeon
  2948 | D:5      | Identified the staff of death "Wyrghum" {Fragile rN+ Str+3
                  | Dex+2 SInv}
  3102 | D:5      | Noticed Dowan
  3114 | D:5      | Learned a level 3 spell: Ozocubu's Armour
  3137 | D:5      | Reached skill level 2 in Conjurations
  3137 | D:5      | Reached skill level 2 in Hexes
  3137 | D:5      | Reached skill level 2 in Summonings
  3137 | D:5      | Reached skill level 2 in Necromancy
  3137 | D:5      | Reached skill level 2 in Translocations
  3137 | D:5      | Reached skill level 2 in Transmutations
  3137 | D:5      | Reached skill level 2 in Fire Magic
  3137 | D:5      | Reached skill level 2 in Air Magic
  3137 | D:5      | Reached skill level 2 in Earth Magic
  3137 | D:5      | Reached skill level 2 in Poison Magic
  3137 | D:5      | Reached XP level 7. HP: 51/51 MP: 15/15
  3140 | D:5      | Killed Dowan
  3141 | D:5      | Reached skill level 5 in Stealth
  3267 | D:5      | Noticed Duvessa
  3285 | D:5      | Killed Duvessa
  3286 | D:5      | Reached skill level 3 in Invocations
  3322 | D:5      | Found a hazy altar of Hepliaklqana.
  3328 | D:5      | Found a shadowy altar of Dithmenos.
  3330 | D:5      | Noticed a shadow
  3828 | D:6      | Reached skill level 3 in Fighting
  3828 | D:6      | Reached skill level 3 in Short Blades
  3828 | D:6      | Reached skill level 3 in Long Blades
  3828 | D:6      | Reached skill level 3 in Axes
  3828 | D:6      | Reached skill level 3 in Maces & Flails
  3828 | D:6      | Reached skill level 3 in Polearms
  3828 | D:6      | Reached skill level 3 in Staves
  3828 | D:6      | Reached skill level 3 in Ranged Weapons
  3828 | D:6      | Reached skill level 3 in Throwing
  3828 | D:6      | Reached skill level 3 in Armour
  3828 | D:6      | Reached skill level 3 in Shields
  3828 | D:6      | Reached skill level 3 in Unarmed Combat
  3828 | D:6      | Reached skill level 3 in Evocations
  3828 | D:6      | Reached XP level 8. HP: 53/58 MP: 16/16
  3839 | D:6      | Found a burning altar of Makhleb.
  4040 | D:6      | Reached skill level 6 in Spellcasting
  4830 | D:7      | Reached skill level 3 in Conjurations
  4830 | D:7      | Reached skill level 3 in Hexes
  4830 | D:7      | Reached skill level 3 in Summonings
  4830 | D:7      | Reached skill level 3 in Necromancy
  4830 | D:7      | Reached skill level 3 in Translocations
  4830 | D:7      | Reached skill level 3 in Transmutations
  4830 | D:7      | Reached skill level 3 in Fire Magic
  4830 | D:7      | Reached skill level 3 in Air Magic
  4830 | D:7      | Reached skill level 3 in Earth Magic
  4830 | D:7      | Reached skill level 3 in Poison Magic
  4830 | D:7      | Reached skill level 4 in Invocations
  4856 | D:7      | Reached skill level 6 in Dodging
  4952 | D:7      | Found a flagged portal.
  4965 | D:7      | Identified the +10 halberd "Teschok" {speed, Will+ Int+3}
  4980 | Bailey   | Entered a bailey
  5096 | Bailey   | Reached XP level 9. HP: 28/65 MP: 18/18
  5100 | Bailey   | Reached skill level 4 in Fighting
  5100 | Bailey   | Reached skill level 4 in Short Blades
  5100 | Bailey   | Reached skill level 4 in Long Blades
  5100 | Bailey   | Reached skill level 4 in Axes
  5100 | Bailey   | Reached skill level 4 in Maces & Flails
  5100 | Bailey   | Reached skill level 4 in Polearms
  5100 | Bailey   | Reached skill level 4 in Staves
  5100 | Bailey   | Reached skill level 4 in Ranged Weapons
  5100 | Bailey   | Reached skill level 4 in Throwing
  5100 | Bailey   | Reached skill level 4 in Armour
  5100 | Bailey   | Reached skill level 4 in Shields
  5100 | Bailey   | Reached skill level 4 in Unarmed Combat
  5100 | Bailey   | Reached skill level 4 in Evocations
  5162 | Bailey   | Reached skill level 6 in Stealth
  5162 | Bailey   | Reached skill level 8 in Ice Magic
  5281 | Bailey   | Found a large runed translucent door.
  5281 | Bailey   | Found a large runed translucent door.
  5282 | Bailey   | Noticed a deep elf pyromancer
  5284 | Bailey   | Noticed an orc knight
  5305 | Bailey   | Killed an orc knight
  5533 | Bailey   | Killed a deep elf pyromancer
  5534 | Bailey   | Reached skill level 5 in Invocations
  5670 | D:7      | Found a sacrificial altar of Ru.
  5792 | D:7      | Reached skill level 7 in Spellcasting
  5836 | D:7      | Reached skill level 4 in Conjurations
  5836 | D:7      | Reached skill level 4 in Hexes
  5836 | D:7      | Reached skill level 4 in Summonings
  5836 | D:7      | Reached skill level 4 in Necromancy
  5836 | D:7      | Reached skill level 4 in Translocations
  5836 | D:7      | Reached skill level 4 in Transmutations
  5836 | D:7      | Reached skill level 4 in Fire Magic
  5836 | D:7      | Reached skill level 4 in Air Magic
  5836 | D:7      | Reached skill level 4 in Earth Magic
  5836 | D:7      | Reached skill level 4 in Poison Magic
  5856 | D:7      | Found an opulent altar of Gozag.
  6346 | D:8      | Noticed Grum
  6351 | D:8      | Killed Grum
  6352 | D:8      | Reached skill level 5 in Fighting
  6352 | D:8      | Reached skill level 5 in Short Blades
  6352 | D:8      | Reached skill level 5 in Long Blades
  6352 | D:8      | Reached skill level 5 in Axes
  6352 | D:8      | Reached skill level 5 in Maces & Flails
  6352 | D:8      | Reached skill level 5 in Polearms
  6352 | D:8      | Reached skill level 5 in Staves
  6352 | D:8      | Reached skill level 5 in Ranged Weapons
  6352 | D:8      | Reached skill level 5 in Throwing
  6352 | D:8      | Reached skill level 5 in Armour
  6352 | D:8      | Reached skill level 5 in Shields
  6352 | D:8      | Reached skill level 5 in Unarmed Combat
  6352 | D:8      | Reached skill level 5 in Evocations
  6352 | D:8      | Reached XP level 10. HP: 54/74 MP: 20/20
  6461 | D:8      | Reached skill level 7 in Dodging
  6696 | D:8      | Reached skill level 6 in Invocations
  6701 | D:8      | Reached skill level 7 in Stealth
  6727 | D:8      | Noticed a cyclops
  6740 | D:8      | Killed a cyclops
  7343 | D:9      | Found a blossoming altar of Fedhas.
  7349 | D:9      | Found a hide-covered altar of Uskayaw.
  7405 | D:9      | Found Degajeta's Book Shoppe.
  7496 | D:9      | Found a staircase to the Orcish Mines.
  7608 | D:9      | Found a radiant altar of Vehumet.
  7630 | D:9      | Became a worshipper of Vehumet
  7712 | D:9      | Found a broken altar of Ashenzari.
  8084 | D:2      | Killed Crazy Yiuf
  8333 | D:10     | Entered Level 10 of the Dungeon
  8365 | D:10     | Noticed a sun demon
  8377 | D:10     | Killed a sun demon
  8378 | D:10     | Reached skill level 6 in Fighting
  8378 | D:10     | Reached skill level 6 in Short Blades
  8378 | D:10     | Reached skill level 6 in Long Blades
  8378 | D:10     | Reached skill level 6 in Axes
  8378 | D:10     | Reached skill level 6 in Maces & Flails
  8378 | D:10     | Reached skill level 6 in Polearms
  8378 | D:10     | Reached skill level 6 in Staves
  8378 | D:10     | Reached skill level 6 in Ranged Weapons
  8378 | D:10     | Reached skill level 6 in Throwing
  8378 | D:10     | Reached skill level 6 in Armour
  8378 | D:10     | Reached skill level 6 in Shields
  8378 | D:10     | Reached skill level 6 in Unarmed Combat
  8378 | D:10     | Reached skill level 8 in Spellcasting
  8378 | D:10     | Reached skill level 5 in Conjurations
  8378 | D:10     | Reached skill level 5 in Hexes
  8378 | D:10     | Reached skill level 5 in Summonings
  8378 | D:10     | Reached skill level 5 in Necromancy
  8378 | D:10     | Reached skill level 5 in Translocations
  8378 | D:10     | Reached skill level 5 in Transmutations
  8378 | D:10     | Reached skill level 5 in Fire Magic
  8378 | D:10     | Reached skill level 5 in Air Magic
  8378 | D:10     | Reached skill level 5 in Earth Magic
  8378 | D:10     | Reached skill level 5 in Poison Magic
  8378 | D:10     | Reached skill level 6 in Evocations
  8378 | D:10     | Reached XP level 11. HP: 42/81 MP: 19/23
  8760 | D:10     | Identified the ring "Sootod" {Will+ Str+6}
  8924 | D:10     | Reached skill level 9 in Ice Magic
  8924 | D:10     | Reached skill level 7 in Invocations
  8938 | D:10     | Reached skill level 8 in Dodging
  9068 | D:10     | Reached * piety under Vehumet
  9068 | D:10     | Offered knowledge of Sandblast by Vehumet.
  9183 | D:10     | Identified a scroll of acquirement
  9184 | D:10     | Acquired 387 gold pieces
  9316 | D:11     | Noticed a two-headed ogre
  9328 | D:11     | Killed a two-headed ogre
  9380 | D:11     | Noticed a brown ugly thing
  9399 | D:11     | Killed a brown ugly thing
  9428 | D:11     | Reached skill level 8 in Stealth
  9438 | D:11     | Noticed a two-headed ogre
  9449 | D:11     | Killed a two-headed ogre
  9458 | D:11     | Offered knowledge of Poisonous Vapours by Vehumet.
  9546 | D:11     | Found a staircase to the Lair.
  9580 | D:11     | Reached ** piety under Vehumet
  9590 | D:11     | Noticed a cyclops
  9605 | D:11     | Killed a cyclops
  9606 | D:11     | Reached skill level 7 in Fighting
  9606 | D:11     | Reached skill level 7 in Short Blades
  9606 | D:11     | Reached skill level 7 in Long Blades
  9606 | D:11     | Reached skill level 7 in Axes
  9606 | D:11     | Reached skill level 7 in Maces & Flails
  9606 | D:11     | Reached skill level 7 in Polearms
  9606 | D:11     | Reached skill level 7 in Staves
  9606 | D:11     | Reached skill level 7 in Ranged Weapons
  9606 | D:11     | Reached skill level 7 in Throwing
  9606 | D:11     | Reached skill level 7 in Armour
  9606 | D:11     | Reached skill level 7 in Shields
  9606 | D:11     | Reached skill level 7 in Unarmed Combat
  9606 | D:11     | Reached skill level 7 in Evocations
  9650 | D:11     | Reached XP level 12. HP: 91/91 MP: 24/24
  9707 | Lair:1   | Entered Level 1 of the Lair of Beasts
  9729 | Lair:1   | Reached skill level 6 in Conjurations
  9729 | Lair:1   | Reached skill level 6 in Hexes
  9729 | Lair:1   | Reached skill level 6 in Summonings
  9729 | Lair:1   | Reached skill level 6 in Necromancy
  9729 | Lair:1   | Reached skill level 6 in Translocations
  9729 | Lair:1   | Reached skill level 6 in Transmutations
  9729 | Lair:1   | Reached skill level 6 in Fire Magic
  9729 | Lair:1   | Reached skill level 6 in Air Magic
  9729 | Lair:1   | Reached skill level 6 in Earth Magic
  9729 | Lair:1   | Reached skill level 6 in Poison Magic
  9770 | D:11     | Reached skill level 8 in Invocations
 10274 | Lair:1   | Reached skill level 9 in Spellcasting
 10527 | Lair:1   | Offered knowledge of Static Discharge by Vehumet.
 11095 | Lair:2   | Reached skill level 9 in Dodging
 11206 | Lair:2   | Reached *** piety under Vehumet
 11259 | Lair:2   | Reached skill level 9 in Stealth
 11270 | Lair:2   | Noticed a death yak
 11272 | Lair:2   | Noticed a death yak
 11272 | Lair:2   | Noticed a death yak
 11295 | Lair:2   | Killed a death yak
 11302 | Lair:2   | Killed a death yak
 11302 | Lair:2   | Killed a death yak
 11303 | Lair:2   | Reached skill level 8 in Fighting
 11303 | Lair:2   | Reached skill level 8 in Short Blades
 11303 | Lair:2   | Reached skill level 8 in Long Blades
 11303 | Lair:2   | Reached skill level 8 in Axes
 11303 | Lair:2   | Reached skill level 8 in Maces & Flails
 11303 | Lair:2   | Reached skill level 8 in Polearms
 11303 | Lair:2   | Reached skill level 8 in Staves
 11303 | Lair:2   | Reached skill level 8 in Ranged Weapons
 11303 | Lair:2   | Reached skill level 8 in Throwing
 11303 | Lair:2   | Reached skill level 8 in Armour
 11303 | Lair:2   | Reached skill level 8 in Shields
 11303 | Lair:2   | Reached skill level 8 in Unarmed Combat
 11303 | Lair:2   | Reached skill level 8 in Evocations
 11763 | Lair:2   | Reached XP level 13. HP: 72/98 MP: 26/26
 12039 | Lair:3   | Reached skill level 9 in Invocations
 12083 | Lair:3   | Acquired 884 gold pieces
 12107 | Lair:3   | Found a hole to the Spider Nest.
 12119 | Lair:3   | Offered knowledge of Inner Flame by Vehumet.
 12135 | Lair:3   | Reached skill level 10 in Ice Magic
 12360 | Lair:3   | Reached skill level 7 in Conjurations
 12360 | Lair:3   | Reached skill level 7 in Hexes
 12360 | Lair:3   | Reached skill level 7 in Summonings
 12360 | Lair:3   | Reached skill level 7 in Necromancy
 12360 | Lair:3   | Reached skill level 7 in Translocations
 12360 | Lair:3   | Reached skill level 7 in Transmutations
 12360 | Lair:3   | Reached skill level 7 in Fire Magic
 12360 | Lair:3   | Reached skill level 7 in Air Magic
 12360 | Lair:3   | Reached skill level 7 in Earth Magic
 12360 | Lair:3   | Reached skill level 7 in Poison Magic
 12563 | Lair:3   | Noticed Nergalle
 12612 | Lair:3   | Killed Nergalle
 12613 | Lair:3   | Reached skill level 9 in Polearms
 12624 | Lair:3   | Found a staircase to the Swamp.
 12640 | Lair:3   | Reached **** piety under Vehumet
 12870 | Lair:3   | Offered knowledge of Freezing Cloud by Vehumet.
 12871 | Lair:3   | Reached skill level 10 in Spellcasting
 12885 | Lair:3   | Learned a level 5 spell: Freezing Cloud
 13550 | Lair:4   | Reached skill level 10 in Dodging
 13796 | Lair:4   | Reached ***** piety under Vehumet
 14135 | Lair:5   | Entered Level 5 of the Lair of Beasts
 14144 | Lair:5   | Offered knowledge of Iron Shot by Vehumet.
 14145 | Lair:5   | Reached skill level 9 in Fighting
 14145 | Lair:5   | Reached skill level 9 in Short Blades
 14145 | Lair:5   | Reached skill level 9 in Long Blades
 14145 | Lair:5   | Reached skill level 9 in Axes
 14145 | Lair:5   | Reached skill level 9 in Maces & Flails
 14145 | Lair:5   | Reached skill level 9 in Staves
 14145 | Lair:5   | Reached skill level 9 in Ranged Weapons
 14145 | Lair:5   | Reached skill level 9 in Throwing
 14145 | Lair:5   | Reached skill level 9 in Armour
 14145 | Lair:5   | Reached skill level 9 in Shields
 14145 | Lair:5   | Reached skill level 9 in Unarmed Combat
 14145 | Lair:5   | Reached skill level 9 in Evocations
 14150 | Lair:5   | Reached skill level 10 in Stealth
 14151 | Lair:5   | Reached skill level 10 in Polearms
 14154 | Lair:5   | Reached XP level 14. HP: 100/108 MP: 28/28
 14159 | Lair:5   | Reached skill level 10 in Invocations
 14620 | Lair:5   | Noticed a dire elephant
 14633 | Lair:5   | Killed a dire elephant
 14722 | Lair:5   | Reached skill level 8 in Conjurations
 14722 | Lair:5   | Reached skill level 8 in Hexes
 14722 | Lair:5   | Reached skill level 8 in Summonings
 14722 | Lair:5   | Reached skill level 8 in Necromancy
 14722 | Lair:5   | Reached skill level 8 in Translocations
 14722 | Lair:5   | Reached skill level 8 in Transmutations
 14722 | Lair:5   | Reached skill level 8 in Fire Magic
 14722 | Lair:5   | Reached skill level 8 in Air Magic
 14722 | Lair:5   | Reached skill level 8 in Earth Magic
 14722 | Lair:5   | Reached skill level 8 in Poison Magic
 14869 | Lair:5   | Found a staircase to the Slime Pits.
 14870 | Lair:5   | Found a viscous altar of Jiyva.
 14952 | Lair:5   | Reached skill level 11 in Polearms
 15112 | Lair:5   | Noticed Sonja
 15128 | Lair:5   | Killed Sonja
 15381 | Lair:5   | Identified the staff of death "Kitrohuy" {rN+ Will++ Str-2
                  | Int+4}
 15542 | Lair:1   | Learned a level 7 spell: Ozocubu's Refrigeration
 15993 | Orc:1    | Entered Level 1 of the Orcish Mines
 16090 | Orc:2    | Entered Level 2 of the Orcish Mines
 16243 | Orc:2    | Found a staircase to the Elven Halls.
 16272 | Orc:2    | Reached skill level 11 in Spellcasting
 16307 | Orc:2    | Noticed Donald
 16316 | Orc:2    | Killed Donald
 16317 | Orc:2    | Offered knowledge of Arcjolt by Vehumet.
 16598 | Orc:1    | Paralysed by an orc sorcerer for 3 turns
 16912 | Orc:1    | Noticed Erica
 16918 | Orc:1    | Killed Erica
 16923 | Orc:1    | Noticed Maurice
 16931 | Orc:1    | Killed Maurice
 16932 | Orc:1    | Reached skill level 10 in Fighting
 16932 | Orc:1    | Reached skill level 10 in Short Blades
 16932 | Orc:1    | Reached skill level 10 in Long Blades
 16932 | Orc:1    | Reached skill level 10 in Axes
 16932 | Orc:1    | Reached skill level 10 in Maces & Flails
 16932 | Orc:1    | Reached skill level 10 in Staves
 16932 | Orc:1    | Reached skill level 10 in Ranged Weapons
 16932 | Orc:1    | Reached skill level 10 in Throwing
 16932 | Orc:1    | Reached skill level 10 in Armour
 16932 | Orc:1    | Reached skill level 11 in Dodging
 16932 | Orc:1    | Reached skill level 10 in Shields
 16932 | Orc:1    | Reached skill level 10 in Unarmed Combat
 16932 | Orc:1    | Reached skill level 11 in Ice Magic
 16932 | Orc:1    | Reached skill level 10 in Evocations
 17349 | Orc:2    | Learned a level 5 spell: Arcjolt
 17387 | Orc:2    | Found Lidas's Magic Scroll Emporium.
 17419 | Orc:2    | Found Toirimi's General Store.
 17525 | Orc:2    | Reached XP level 15. HP: 112/115 MP: 7/30
 17667 | Orc:2    | Bought a scroll of immolation for 48 gold pieces
 17667 | Orc:2    | Bought a scroll of enchant weapon for 90 gold pieces
 17667 | Orc:2    | Bought a scroll of amnesia for 48 gold pieces
 17691 | Orc:2    | Reached skill level 11 in Invocations
 17699 | Orc:2    | Reached skill level 11 in Stealth
 18099 | Orc:2    | Reached skill level 12 in Polearms
 18543 | Orc:2    | Found Qeor Noupp's Jewellery Shop.
 18543 | Orc:2    | Found Unucryleu's Antique Weapon Boutique.
 18544 | Orc:2    | Found a one-way gate leading to the halls of Pandemonium.
 18687 | Orc:2    | Bought a scroll of identify for 24 gold pieces
 18687 | Orc:2    | Bought a scroll of identify for 24 gold pieces
 18687 | Orc:2    | Bought a scroll of identify for 24 gold pieces
 18695 | Orc:2    | Bought a scroll of identify for 32 gold pieces
 18725 | Orc:2    | Bought an amulet of regeneration for 390 gold pieces
 19716 | D:13     | Identified the staff of earth "Fiyb" {rC+}
 19870 | D:13     | Found a gate to the Vaults.
 20193 | D:13     | Found a portal to a secret trove of treasure.
 20207 | D:14     | Reached skill level 9 in Conjurations
 20207 | D:14     | Reached skill level 9 in Hexes
 20207 | D:14     | Reached skill level 9 in Summonings
 20207 | D:14     | Reached skill level 9 in Necromancy
 20207 | D:14     | Reached skill level 9 in Translocations
 20207 | D:14     | Reached skill level 9 in Transmutations
 20207 | D:14     | Reached skill level 9 in Fire Magic
 20207 | D:14     | Reached skill level 9 in Air Magic
 20207 | D:14     | Reached skill level 9 in Earth Magic
 20207 | D:14     | Reached skill level 9 in Poison Magic
 20396 | D:14     | Noticed Agnes
 20405 | D:14     | Killed Agnes
 20898 | D:14     | Noticed Kirke
 20907 | D:14     | Noticed a sphinx
 20907 | D:14     | Killed Kirke
 20986 | D:14     | Noticed Nessos
 20993 | D:14     | Killed Nessos
 20994 | D:14     | Reached skill level 13 in Polearms
 21042 | D:14     | Reached ****** piety under Vehumet
 21043 | D:14     | Reached skill level 12 in Spellcasting
 21045 | D:14     | Reached XP level 16. HP: 124/124 MP: 25/32
 21564 | D:15     | Entered Level 15 of the Dungeon
 21626 | D:15     | Reached skill level 11 in Fighting
 21626 | D:15     | Reached skill level 11 in Short Blades
 21626 | D:15     | Reached skill level 11 in Long Blades
 21626 | D:15     | Reached skill level 11 in Axes
 21626 | D:15     | Reached skill level 11 in Maces & Flails
 21626 | D:15     | Reached skill level 11 in Staves
 21626 | D:15     | Reached skill level 11 in Ranged Weapons
 21626 | D:15     | Reached skill level 11 in Throwing
 21626 | D:15     | Reached skill level 11 in Armour
 21626 | D:15     | Reached skill level 11 in Shields
 21626 | D:15     | Reached skill level 11 in Unarmed Combat
 21626 | D:15     | Reached skill level 11 in Evocations
 21690 | D:15     | Found Yzicel's Antique Armour Emporium.
 21732 | D:15     | Found a gate leading to a gauntlet.
 21746 | D:15     | Reached skill level 12 in Invocations
 21771 | Gauntlet | Entered a Gauntlet
 21771 | Gauntlet | Found a transporter.
 21771 | Gauntlet | Found a transporter.
 21775 | Gauntlet | Found a transporter.
 21775 | Gauntlet | Found a transporter.
 21786 | Gauntlet | Found a transporter.
 21808 | Gauntlet | Found a transporter.
 21853 | Gauntlet | Found a transporter.
 21872 | Gauntlet | Found a transporter.
 21888 | Gauntlet | Found a transporter.
 21993 | Gauntlet | Found a transporter.
 22005 | Gauntlet | Found a transporter.
 22005 | Gauntlet | Found a transporter.
 22012 | Gauntlet | Found a transporter.
 22023 | Gauntlet | Found a transporter.
 22082 | Gauntlet | Found a transporter.
 22101 | Gauntlet | Found a transporter.
 22210 | Gauntlet | Reached skill level 12 in Dodging
 22289 | Gauntlet | Offered knowledge of Spellforged Servitor by Vehumet.
 22325 | Gauntlet | Identified the ring of Knowledge {*Corrode rPois rN+ Int+6
                  | SInv}
 22369 | Gauntlet | Identified the ring of Xom's Entertainment {Fly rN+}
 22433 | Gauntlet | Identified the +3 chain mail "Umivimiz" {Str+2 Int+2}
 22960 | D:15     | Found a staircase to the Depths.
 23093 | D:15     | Reached skill level 12 in Stealth
 23387 | D:15     | Reached XP level 17. HP: 131/131 MP: 33/33
 24086 | Spider:1 | Entered Level 1 of the Spider Nest
 24102 | Lair:3   | Reached skill level 14 in Polearms
 24102 | Lair:3   | Reached skill level 12 in Ice Magic
 25384 | Spider:1 | Offered knowledge of Yara's Violent Unravelling by Vehumet.
 25480 | Spider:1 | Learned a level 5 spell: Yara's Violent Unravelling
 25719 | Spider:1 | Reached skill level 10 in Conjurations
 25719 | Spider:1 | Reached skill level 10 in Hexes
 25719 | Spider:1 | Reached skill level 10 in Summonings
 25719 | Spider:1 | Reached skill level 10 in Necromancy
 25719 | Spider:1 | Reached skill level 10 in Translocations
 25719 | Spider:1 | Reached skill level 10 in Transmutations
 25719 | Spider:1 | Reached skill level 10 in Fire Magic
 25719 | Spider:1 | Reached skill level 10 in Air Magic
 25719 | Spider:1 | Reached skill level 10 in Earth Magic
 25719 | Spider:1 | Reached skill level 10 in Poison Magic
 25909 | Spider:2 | Reached skill level 13 in Invocations
 25925 | Spider:1 | Reached XP level 18. HP: 89/140 MP: 7/34
 26058 | Spider:2 | Reached skill level 12 in Fighting
 26058 | Spider:2 | Reached skill level 12 in Short Blades
 26058 | Spider:2 | Reached skill level 12 in Long Blades
 26058 | Spider:2 | Reached skill level 12 in Axes
 26058 | Spider:2 | Reached skill level 12 in Maces & Flails
 26058 | Spider:2 | Reached skill level 12 in Staves
 26058 | Spider:2 | Reached skill level 12 in Ranged Weapons
 26058 | Spider:2 | Reached skill level 12 in Throwing
 26058 | Spider:2 | Reached skill level 12 in Armour
 26058 | Spider:2 | Reached skill level 12 in Shields
 26058 | Spider:2 | Reached skill level 12 in Unarmed Combat
 26058 | Spider:2 | Reached skill level 12 in Evocations
 26344 | Spider:2 | Reached skill level 13 in Spellcasting
 26817 | Spider:2 | Offered knowledge of Irradiate by Vehumet.
 26824 | Spider:2 | Learned a level 5 spell: Irradiate
 27081 | Spider:2 | Identified the +0 scale mail of Ynaupt {SInv Stlth+}
 27115 | Spider:2 | Reached skill level 15 in Polearms
 27128 | Spider:2 | Reached skill level 13 in Dodging
 27800 | Spider:3 | Reached skill level 13 in Stealth
 28561 | Spider:3 | Offered knowledge of Orb of Destruction by Vehumet.
 29026 | Spider:4 | Entered Level 4 of the Spider Nest
 29915 | Spider:4 | Reached XP level 19. HP: 68/148 MP: 25/36
 29919 | Spider:3 | Offered knowledge of Conjure Ball Lightning by Vehumet.
 30024 | Spider:4 | Reached skill level 16 in Polearms
 30283 | Spider:4 | Reached skill level 14 in Invocations
 30460 | Spider:4 | Reached skill level 11 in Conjurations
 30460 | Spider:4 | Reached skill level 11 in Hexes
 30460 | Spider:4 | Reached skill level 11 in Summonings
 30460 | Spider:4 | Reached skill level 11 in Necromancy
 30460 | Spider:4 | Reached skill level 11 in Translocations
 30460 | Spider:4 | Reached skill level 11 in Transmutations
 30460 | Spider:4 | Reached skill level 11 in Fire Magic
 30460 | Spider:4 | Reached skill level 11 in Air Magic
 30460 | Spider:4 | Reached skill level 11 in Earth Magic
 30460 | Spider:4 | Reached skill level 11 in Poison Magic
 30492 | Spider:4 | Reached skill level 13 in Ice Magic
 30523 | Spider:4 | Reached skill level 13 in Fighting
 30523 | Spider:4 | Reached skill level 13 in Short Blades
 30523 | Spider:4 | Reached skill level 13 in Long Blades
 30523 | Spider:4 | Reached skill level 13 in Axes
 30523 | Spider:4 | Reached skill level 13 in Maces & Flails
 30523 | Spider:4 | Reached skill level 13 in Staves
 30523 | Spider:4 | Reached skill level 13 in Ranged Weapons
 30523 | Spider:4 | Reached skill level 13 in Throwing
 30523 | Spider:4 | Reached skill level 13 in Armour
 30523 | Spider:4 | Reached skill level 13 in Shields
 30523 | Spider:4 | Reached skill level 13 in Unarmed Combat
 30523 | Spider:4 | Reached skill level 13 in Evocations
 31123 | Spider:4 | Identified the +0 pair of boots of Ulyoneng {rC+ Str+4
                  | Int+3}
 31155 | Spider:4 | Got a gossamer rune of Zot
 31462 | Swamp:1  | Entered Level 1 of the Swamp
 31866 | Swamp:1  | Found a large runed translucent door.
 31866 | Swamp:1  | Found a large runed translucent door.
 31869 | Swamp:1  | Noticed MrClown's ghost (journeyman DsNe)
 32162 | Swamp:1  | Reached skill level 14 in Spellcasting
 32532 | Swamp:2  | Noticed Aizul
 32555 | Swamp:2  | Killed Aizul
 32963 | Swamp:2  | Reached skill level 14 in Dodging
 33346 | Swamp:3  | Offered knowledge of Fire Storm by Vehumet.
 33346 | Swamp:3  | Offered knowledge of Shatter by Vehumet.
 33346 | Swamp:3  | Offered knowledge of Polar Vortex by Vehumet.
 33469 | Swamp:3  | Noticed a tentacled monstrosity
 33480 | Swamp:3  | Killed a tentacled monstrosity
 33694 | Swamp:3  | Reached skill level 14 in Stealth
 33807 | Swamp:4  | Entered Level 4 of the Swamp
 33985 | Swamp:4  | Reached skill level 17 in Polearms
 34631 | Swamp:3  | Reached XP level 20. HP: 149/157 MP: 0/38
 35141 | Swamp:4  | Noticed the 27-headed Lernaean hydra
 35148 | Swamp:4  | Killed the 27-headed Lernaean hydra
 35407 | Swamp:4  | Got a decaying rune of Zot
 35641 | Vaults:1 | Entered Level 1 of the Vaults
 36096 | Vaults:1 | Reached skill level 15 in Invocations
 36558 | Vaults:1 | Reached skill level 14 in Fighting
 36558 | Vaults:1 | Reached skill level 14 in Short Blades
 36558 | Vaults:1 | Reached skill level 14 in Long Blades
 36558 | Vaults:1 | Reached skill level 14 in Axes
 36558 | Vaults:1 | Reached skill level 14 in Maces & Flails
 36558 | Vaults:1 | Reached skill level 14 in Staves
 36558 | Vaults:1 | Reached skill level 14 in Ranged Weapons
 36558 | Vaults:1 | Reached skill level 14 in Throwing
 36558 | Vaults:1 | Reached skill level 14 in Armour
 36558 | Vaults:1 | Reached skill level 14 in Shields
 36558 | Vaults:1 | Reached skill level 14 in Unarmed Combat
 36558 | Vaults:1 | Reached skill level 14 in Evocations
 36908 | Vaults:1 | Reached skill level 12 in Conjurations
 36908 | Vaults:1 | Reached skill level 12 in Hexes
 36908 | Vaults:1 | Reached skill level 12 in Summonings
 36908 | Vaults:1 | Reached skill level 12 in Necromancy
 36908 | Vaults:1 | Reached skill level 12 in Translocations
 36908 | Vaults:1 | Reached skill level 12 in Transmutations
 36908 | Vaults:1 | Reached skill level 12 in Fire Magic
 36908 | Vaults:1 | Reached skill level 12 in Air Magic
 36908 | Vaults:1 | Reached skill level 12 in Earth Magic
 36908 | Vaults:1 | Reached skill level 12 in Poison Magic
 37146 | Vaults:1 | Reached skill level 18 in Polearms
 37199 | Vaults:1 | Reached skill level 15 in Spellcasting
 37538 | Vaults:2 | Reached XP level 21. HP: 132/165 MP: 40/40
 37635 | Vaults:2 | Reached skill level 15 in Dodging
 37743 | Vaults:2 | Reached skill level 14 in Ice Magic
 37935 | Vaults:2 | Reached skill level 15 in Stealth
 38048 | Vaults:2 | Shot with a bolt by a yaktaur captain

Illustrated notes

Levels and vault maps discovered:
D:1:      grunt_arrival_lava_bath, layout_basic
D:2:      layout_rooms, basic_altar, uniq_sigmund, uniq_crazy_yiuf_cottage
D:3:      layout_basic, kiku_gazebo_garden_becter
D:4:      layout_loops_ring, mainiacjoe_overflow_boulevard,
          mainiacjoe_overflow_paths, lemuel_temple_firewalk_a
D:5:      layout_loops_ring, riverfiend_overflow_shadow_ancestor,
          serial_bayou_pond_b, grunt_decor_resistance, uniq_duvessa
D:6:      layout_cave_pods, lemuel_doored_altar, nrook_mini_vaults,
          due_unseen_surprise
D:7:      layout_gridville, nicolae_ru_great_annihilating_truth,
          lemuel_round_altar, enter_bailey_2, lemuel_flamethrower_2
D:8:      layout_basic, uniq_grum
D:9:      layout_rooms, ashenzari_conservatory_becter,
          mainiacjoe_overflow_alcove_4, minitemple, orc_0_dummy, serial_shops,
          nicolae_shop_behind_doors
D:10:     layout_roguey, special_room [special_room_orc], serial_demonic,
          serial_demonic_f, serial_demonic_b, serial_demonic_c, serial_demonic_c
D:11:     layout_basic, minmay_lair_entry_grove
D:12:     layout_rooms
D:13:     layout_big_octagon, erik_vaults_1, nicolae_trove_entry_crystal,
          kennysheep_generic_room_8
D:14:     layout_grid_maze, grunt_decor_one_mirror, uniq_kirke, uniq_agnes,
          uniq_nessos
D:15:     gammafunk_depths_entry_grave, layout_cave_pods,
          gauntlet_entry_generic, serial_shops, nicolae_shop_waterfront,
          chequers_serial_rivers_micro_c, minmay_fractal_squares_gapless_5
Temple:   hellmonk_temple_flake
Lair:1:   layout_cellular_growth, minivault_25
Lair:2:   layout_roguey, minivault_11, grunt_megastairs_2
Lair:3:   pond_and_an_island_with_a_cottage, layout_gridlike,
          minmay_swamp_entry_reptiles, nicolae_spider_entry_non_spiders,
          roderic_batcave, uniq_nergalle
Lair:4:   layout_cave_pods, grunt_megastairs_3, serial_bayou_shore_a
Lair:5:   grunt_lair_end_beastmaster, layout_hall_layers, slime_entry_1,
          grunt_megastairs_1, lemuel_fruit_fields, uniq_sonja
Swamp:1:  layout_basic_swamp, ebering_ghost_disaster_area, serial_swamp_ruin,
          evilmike_swamp_ruin_house_6, evilmike_swamp_ruin_house_3
Swamp:2:  layout_basic_swamp, evilmike_swamp_ruin_rubble_2, uniq_aizul
Swamp:3:  layout_falls_marsh, nicolae_swamp_decorative_isthmus, swamp_pool3
Swamp:4:  swamp_old_school, layout_basic_swamp
Spider:1: spiders_nest_a, beargit_elvish_explorers
Spider:2: nicolae_spider_brood_tunnel, nicolae_spider_bzzzt
Spider:3: layout_cave_pods, nicolae_spider_paper_wasps
Spider:4: hellmonk_spider_rune_bug_friends, nicolae_spider_bug_shape
Orc:1:    layout_diamond_mine, uniq_maurice, uniq_erica
Orc:2:    pf_orc_diabolical, layout_caves, basic_altar, mines5_lemuel,
          uniq_donald
Vaults:1: hangedman_vaults_slice, v_pattern_2, nicolae_vaults_big_angled_halls,
          v_misc_16, grunt_vaults_twisty, nicolae_vaults_angled_halls,
          nicolae_vaults_murderbox, hangedman_vaults_capsules,
          nicolae_vaults_three_branches, nicolae_vaults_little_ls,
          layout_vaults_omnibox
Vaults:2: grunt_vaults_focal, v_rooms_2, ontoclasm_vaults_decontamination,
          v_pattern_5, v_misc_5, nicolae_vaults_stairing_the_circle,
          vaults_dpeg_ring, hangedman_vaults_hat, hangedman_vaults_trim,
          minmay_crypt_entry_simple_round, vaults_dpeg_diagonal,
          grunt_vaults_hallway_long, layout_vaults_omnicross, serial_shops, shop

Skill      XL: |  1  2  3  4  5  6  7  8  9 10 11 12 13 14 15 16 17 18 19 20 21 |
---------------+----------------------------------------------------------------+-----
Spellcasting   | 5 6 7 8 9 10 11 12 13 14 15 | 15.2
Invocations    | 1 2 3 4 5 6 7 8 9 10 11 12 13 14 15 | 15.7
Fighting       | 1 2 3 5 6 7 8 9 10 11 12 13 14 | 14.4
Short Blades   | 1 2 3 5 6 7 8 9 10 11 12 13 14 | 14.4
Long Blades    | 1 2 3 5 6 7 8 9 10 11 12 13 14 | 14.4
Axes           | 1 2 3 5 6 7 8 9 10 11 12 13 14 | 14.4
Maces & Flails | 1 2 3 5 6 7 8 9 10 11 12 13 14 | 14.4
Polearms       | 1 2 3 5 6 7 8 10 11 13 14 15 17 18 | 18.5
Staves         | 1 2 3 5 6 7 8 9 10 11 12 13 14 | 14.4
Ranged Weapons | 1 2 3 5 6 7 8 9 10 11 12 13 14 | 14.4
Throwing       | 1 2 3 5 6 7 8 9 10 11 12 13 14 | 14.4
Armour         | 1 2 3 5 6 7 8 9 10 11 12 13 14 | 14.4
Shields        | 1 2 3 5 6 7 8 9 10 11 12 13 14 | 14.4
Unarmed Combat | 1 2 3 5 6 7 8 9 10 11 12 13 14 | 14.4
Conjurations   | 1 2 3 4 5 6 7 8 9 10 11 12 | 12.3
Hexes          | 1 2 3 4 5 6 7 8 9 10 11 12 | 12.3
Summonings     | 1 2 3 4 5 6 7 8 9 10 11 12 | 12.3
Necromancy     | 1 2 3 4 5 6 7 8 9 10 11 12 | 12.3
Translocations | 1 2 3 4 5 6 7 8 9 10 11 12 | 12.3
Transmutations | 1 2 3 4 5 6 7 8 9 10 11 12 | 12.3
Fire Magic     | 1 2 3 4 5 6 7 8 9 10 11 12 | 12.3
Air Magic      | 1 2 3 4 5 6 7 8 9 10 11 12 | 12.3
Earth Magic    | 1 2 3 4 5 6 7 8 9 10 11 12 | 12.3
Poison Magic   | 1 2 3 4 5 6 7 8 9 10 11 12 | 12.3
Evocations     | 1 2 3 5 6 7 8 9 10 11 12 13 14 | 14.4
Dodging        | 5 6 7 8 9 10 11 12 13 14 15 | 15.1
Stealth        | 5 6 7 8 9 10 11 12 13 14 15 | 15.0
Ice Magic      | 8 9 10 11 12 13 14 | 14.0

Action                     |  1- 3 |  4- 6 |  7- 9 | 10-12 | 13-15 | 16-18 | 19-21 || total
---------------------------+-------+-------+-------+-------+-------+-------+-------++-------
  Melee: Unarmed           |     7 |       |       |       |       |       |       ||     7
         Spear             |       |    37 |    38 |       |       |       |       ||    75
         Halberd           |       |       |    89 |   352 |   740 |   622 |   606 ||  2409
         Bite              |       |       |     6 |    42 |    72 |   110 |    79 ||   309
   Fire: Longbow           |       |       |       |       |       |     4 |       ||     4
  Throw: Dart              |       |       |     6 |       |       |       |       ||     6
         Boomerang         |       |       |       |       |       |       |     4 ||     4
   Cast: Freeze            |    41 |    75 |    76 |    36 |    19 |       |       ||   247
         Ozocubu's Armour  |       |     1 |    13 |    30 |    38 |    18 |     5 ||   105
         Frozen Ramparts   |       |     1 |    14 |    43 |    46 |    27 |     7 ||   138
         Freezing Cloud    |       |       |       |       |    24 |     3 |     2 ||    29
         Ozocubu's Refrige |       |       |       |       |   105 |   215 |   270 ||   590
         Arcjolt           |       |       |       |       |     1 |       |       ||     1
         Irradiate         |       |       |       |       |       |     8 |     4 ||    12
         Yara's Violent Un |       |       |       |       |       |       |     2 ||     2
  Evoke: Tin of tremorston |       |       |       |     2 |       |       |       ||     2
         Wand              |       |       |       |       |     4 |    16 |     9 ||    29
         Phial of floods   |       |       |       |       |       |       |     1 ||     1
    Use: Scroll            |       |       |     6 |    10 |     7 |     8 |     1 ||    32
         Potion            |       |       |       |       |     1 |     2 |     1 ||     4
   Stab: Sleeping          |       |     9 |     9 |     8 |    17 |     5 |    12 ||    60
         Distracted        |       |       |     1 |       |     3 |     1 |       ||     5
         Paralysed         |       |       |     1 |       |       |       |       ||     1
         Held in net/web   |       |       |       |       |       |     1 |       ||     1
 Armour: Robe              |     3 |    10 |    22 |       |       |       |       ||    35
         Scale mail        |       |       |    21 |    33 |       |       |       ||    54
         Steam dragon scal |       |       |       |    70 |   189 |       |       ||   259
         Acid dragon scale |       |       |       |       |    30 |   285 |   159 ||   474
  Dodge: Dodged            |    23 |    58 |   109 |   152 |   358 |   470 |   337 ||  1507

Table legend: (Time is in decaauts)
 A = Elapsed time spent in this place.
 B = Non-inter-level travel time spent in this place.
 C = Inter-level travel time spent in this place.
 D = Time resting spent in this place.
 E = Time spent auto-exploring this place.
 F = Levels seen in this place.
 G = Mean time per level.
                   A        B        C        D        E       F      G
               +--------+--------+--------+--------+--------+-----+--------+
         Total |  37510 |  33503 |   4007 |   8755 |  16431 |  35 | 1071.7 |
       Dungeon |  14110 |  11760 |   2350 |    976 |   8364 |  15 |  940.7 |
        Temple |    152 |    142 |     10 |      0 |    132 |   1 |  152.0 |
          Lair |   6424 |   5655 |    769 |   1667 |   2652 |   5 | 1284.8 |
         Swamp |   4170 |   3953 |    217 |   1318 |   1801 |   4 | 1042.5 |
   Spider Nest |   6272 |   5963 |    309 |   2850 |   1698 |   4 | 1568.0 |
  Orcish Mines |   2736 |   2479 |    257 |    948 |    885 |   2 | 1368.0 |
        Vaults |   2207 |   2115 |     92 |    539 |    741 |   2 | 1103.5 |
        Bailey |    647 |    647 |      0 |    256 |    156 |   1 |  647.0 |
      Gauntlet |    788 |    788 |      0 |    200 |      0 |   1 |  788.0 |
               +--------+--------+--------+--------+--------+-----+--------+

Top non-repeatable levels by time:
Spider:3: 2099 daAuts
  Lair:3: 1997 daAuts
   Orc:2: 1972 daAuts
Vaults:1: 1643 daAuts
Spider:1: 1514 daAuts
    D:14: 1416 daAuts
Spider:2: 1404 daAuts
 Swamp:4: 1288 daAuts
  Lair:5: 1267 daAuts
Spider:4: 1254 daAuts
    D:15: 1245 daAuts
 Swamp:3: 1201 daAuts
     D:5: 1168 daAuts
     D:6: 1114 daAuts
    D:11: 1114 daAuts
